 Dungeon Crawl Stone Soup version 0.25.1-2-g60ff931df9 (webtiles) character file.

Game seed: 12894965372021971531

1367 Curus the Cleaver (level 8, 0/64 HPs)
             Began as a Hill Orc Fighter on Sept 1, 2020.
             Was an Initiate of Trog.
             Slain by an unseen horror (8 damage)
             ... on level 6 of the Dungeon.
             The game lasted 00:21:30 (4779 turns).

Curus the Cleaver (Hill Orc Fighter)                Turns: 4779, Time: 00:21:31

Health: 0/64       AC: 12    Str: 19    XL:     8   Next: 65%
Magic:  8/8        EV:  3    Int:  8    God:    Trog [......]
Gold:   305        SH: 16    Dex: 18    Spells: 7/7 levels left

rFire    . . .     SeeInvis .   a - +2 war axe
rCold    . . .     Gourm    .   c - +1 kite shield
rNeg     + . .     Faith    .   q - +0 plate armour
rPois    .         Spirit   .   (no helmet)
rElec    .         Reflect  +   m - scarf {+Inv}
rCorr    .         Harm     .   (no gloves)
MR       .....                  h - +0 pair of boots
Stlth    ..........             n - amulet of reflection
HPRegen  0.20/turn              p - ring of positive energy
MPRegen  0.11/turn              v - +6 ring of dexterity

@: mighty
A: no striking features
a: Renounce Religion, Evoke Invisibility


You were on level 6 of the Dungeon.
You worshipped Trog.
Trog was noncommittal.
You were hungry.

You visited 1 branch of the dungeon, and saw 6 of its levels.

You collected 305 gold pieces.

Inventory:

Hand Weapons
 a - a +2 war axe (weapon)
Armour
 b - a +0 scale mail
 c - a +1 kite shield (worn)
 h - a +0 pair of boots (worn)
 j - a +0 chain mail
 m - a scarf of invisibility (worn)
 q - a +0 plate armour (worn)
 s - a scarf of invisibility
Jewellery
 n - an amulet of reflection (around neck)
 p - a ring of positive energy (left hand)
 v - a +6 ring of dexterity (right hand)
 x - an uncursed ring of wizardry
Wands
 r - a wand of clouds (8)
 u - a wand of polymorph (11)
 w - a wand of flame (10)
Scrolls
 e - 6 scrolls of remove curse
 g - 3 scrolls of teleportation
 i - 2 scrolls of magic mapping
 k - 2 scrolls of amnesia
 l - 2 scrolls of fog
 o - 4 scrolls of identify
Comestibles
 f - 15 rations


   Skills:
 - Level 3.6 Fighting
 + Level 13.1 Axes
 - Level 3.2 Armour
 - Level 3.2 Shields


You had 7 spell levels left.
You didn't know any spells.
Your spell library was empty.

Dungeon Overview and Level Annotations

Branches:
Dungeon (6/15)             Temple (0/1) D:5

Altars:
Fedhas
Gozag
Nemelex Xobeh
Ru
Trog
Xom
Zin

Shops:
D:4 [   D:6 %


Message History

Something hits you but does no damage.
You slash something! Something hits you!
Something hits you but does no damage. x2
You hit something. Something completely misses you.
You miss something.
You hear the rapid rusting of a very distant drain.
Something hits you.
* * * LOW HITPOINT WARNING * * *
You block something's attack.
Your shield and plate armour prevent you from hitting something.
Something hits you but does no damage. x2; Something hits you.
* * * LOW HITPOINT WARNING * * *
You closely miss something. Something hits you but does no damage.
You block something's attack. Something hits you.
* * * LOW HITPOINT WARNING * * *
You closely miss something. Something hits you but does no damage.
Something hits you.
* * * LOW HITPOINT WARNING * * *
Something hits you but does no damage. Something hits you!
You die...

# # # # # #. # #..## ######
#....
#############.....#####..##
..........@.......[........
#######...###............##
#...# ......#.###...
####...# #####.#.###...
###......# #..........>..
#........# #.....#......#
#.##8....####.....#.###...
#.##.....##.....#.#.# ####
#.8.∩<8.........#.#.# #


There were no monsters in sight!

Vanquished Creatures
  Grinder (D:4)
  Menkaure (D:6)
  Duvessa (D:4)
  3 ice beasts
  An ogre (D:6)
  A centaur (D:6)
  A crocodile (D:3)
  Dowan (D:4)
  A crimson imp (D:5)
  3 hounds
  An orc wizard (D:5)
  3 worker ants
  7 adders
  2 oozes (D:4)
  An adder zombie (D:6)
  An adder skeleton (D:4)
  2 worms
  2 dart slugs
  4 leopard geckos
  10 orcs
  5 giant cockroaches
  6 hobgoblins
  A quokka (D:4)
  A ball python (D:3)
  3 bats
  6 frilled lizards
  8 goblins
  5 kobolds
  6 rats
88 creatures vanquished.

Notes
Turn   | Place    | Note
-------+----------+-------------------------------------------
     0 | D:1      | Curus the Hill Orc Fighter began the quest for the Orb.
     0 | D:1      | Reached XP level 1. HP: 19/19 MP: 1/1
    71 | D:1      | Reached skill level 3 in Axes
   209 | D:1      | Reached XP level 2. HP: 26/26 MP: 2/2
   249 | D:1      | Reached skill level 4 in Axes
   636 | D:1      | Reached XP level 3. HP: 31/31 MP: 3/3
   956 | D:2      | Found a shimmering altar of Xom.
   965 | D:2      | Reached skill level 5 in Axes
  1776 | D:3      | Reached XP level 4. HP: 31/39 MP: 4/4
  2047 | D:3      | Noticed a crocodile
  2051 | D:3      | Reached skill level 6 in Axes
  2059 | D:3      | Killed a crocodile
  2059 | D:3      | Reached skill level 7 in Axes
  2059 | D:3      | Reached XP level 5. HP: 27/45 MP: 5/5
  2514 | D:3      | Found an opulent altar of Gozag.
  2515 | D:3      | Found a glowing silver altar of Zin.
  2559 | D:4      | Found Wuexton's Armour Shop.
  2703 | D:4      | Noticed Dowan
  2704 | D:4      | Noticed Duvessa
  2713 | D:4      | Killed Dowan
  2713 | D:4      | Reached skill level 8 in Axes
  2713 | D:4      | Reached XP level 6. HP: 35/51 MP: 6/6
  2719 | D:4      | Killed Duvessa
  2907 | D:4      | Noticed Grinder
  2933 | D:4      | Killed Grinder
  2933 | D:4      | Reached skill level 10 in Axes
  2933 | D:4      | Reached XP level 7. HP: 31/57 MP: 7/7
  3110 | D:4      | Found a blossoming altar of Fedhas.
  3333 | D:4      | Found a bloodstained altar of Trog.
  3333 | D:4      | Found a sparkling altar of Nemelex Xobeh.
  3337 | D:4      | Found a sacrificial altar of Ru.
  3349 | D:4      | Became a worshipper of Trog the Wrathful
  3405 | D:5      | Entered Level 5 of the Dungeon
  3575 | D:5      | Found a staircase to the Ecumenical Temple.
  3840 | D:5      | Reached skill level 11 in Axes
  4258 | D:6      | Reached XP level 8. HP: 64/64 MP: 8/8
  4287 | D:6      | Noticed Menkaure
  4293 | D:6      | Killed Menkaure
  4293 | D:6      | Reached skill level 12 in Axes
  4582 | D:6      | Reached skill level 13 in Axes
  4699 | D:6      | Found Ykusm's Food Boutique.
  4779 | D:6      | Slain by an unseen horror

Illustrated notes

Levels and vault maps discovered:
D:1:      grunt_arrival_crossed_arrows, layout_basic
D:2:      layout_basic, xom_teletrap_fun, first_ration,
          chequers_serial_rivers_marsh
D:3:      layout_rooms, grunt_temple_overflow_gold_and_silver
D:4:      layout_rooms, lemuel_round_altar,
          chequers_temple_overflow_statue_of_worship, serial_shops, shop,
          uniq_duvessa, uniq_grinder
D:5:      layout_rooms, minmay_temple_entry_offerings
D:6:      layout_basic, serial_shops, nicolae_shop_statue_plus,
          gup_sewer_entry_bowl, uniq_prince_ribbit1, uniq_menkaure,
          uniq_eustachio

Skill      XL: |  1  2  3  4  5  6  7  8 |
---------------+-------------------------+-----
Axes           | 3 4 5 7 8 10 11 13 | 13.1
Fighting       | |  3.6
Armour         | |  3.2
Shields        | |  3.2

Action                   |  1- 3 |  4- 6 |  7- 9 || total
-------------------------+-------+-------+-------++-------
Melee: War axe           |   127 |    90 |   139 ||   356
Evoke: Wand              |       |       |     1 ||     1
  Use: Scroll            |     8 |     1 |     1 ||    10
       Potion            |     3 |     2 |     4 ||     9
  Eat: Chunk             |     3 |     4 |     5 ||    12
Armor: Scale mail        |    42 |       |       ||    42
       Chain mail        |     9 |    12 |       ||    21
       Plate armour      |       |    12 |    78 ||    90
Dodge: Dodged            |    22 |     7 |     8 ||    37
Block: Kite shield       |    65 |    46 |    85 ||   196
       Reflection        |       |     1 |     2 ||     3
